Map: Frozen Temple

Players

DrTrainwreck - Winner!

  • Race: Terran Terran
  • League: Diamond

blackxored

  • Race: Zerg Zerg
  • League: Diamond

VOD

Have the link to the VOD?

Description

Time

  • Played on: June 19, 2016, 2:07 p.m.
  • Length: 12:25
Show
View Real Time Build Order
Export as new Build Order

DrTrainwreck Terran - Winner!

Build Orders:  

Get SALT Encoding   

  12  0:01  SCV  
  13  0:14  SCV  
  14  0:18  Supply Depot  
  14  0:26  SCV  
  15  0:41  Barracks  
  15  0:47  Barracks  
  15  0:50  SCV  
  16  1:02  SCV  
  17  1:07  Supply Depot  
  17  1:15  SCV  
  18  1:27  SCV  
  18  1:29  Marine  
  20  1:34  Marine  
  21  1:40  Orbital Command  
  21  1:46  Marine  
  22  1:52  Marine  
  23  2:01  Bunker x2  
  23  2:03  Bunker  
  23  2:04  Marine  
  23  2:08  SCV  
  25  2:11  Marine  
  26  2:16  Supply Depot  
  26  2:20  SCV  
  27  2:24  Marine  
  27  2:29  Marine  
  29  2:43  Marine  
  30  2:46  SCV  
  30  2:47  Marine  
  32  2:52  Supply Depot  
  32  3:01  Marine  
  32  3:04  SCV  
  32  3:05  Marine  
  35  3:19  Marine  
  36  3:22  Marine  
  37  3:32  SCV  
  38  3:37  Marine  
  38  3:38  Command Center  
  38  3:40  Marine  
  40  3:44  SCV  
  41  3:57  SCV  
  36  4:25  Marine  
  37  4:33  Marine  
  37  4:34  SCV  
  37  4:36  Refinery  
  37  4:37  Refinery  
  39  4:41  Barracks  
  39  4:42  Barracks  
  39  4:44  Barracks x2  
  39  4:46  Command Center  
  39  4:51  Orbital Command  
  39  4:57  SCV  
  40  5:09  Marine x2, SCV  
  43  5:14  Supply Depot  
  43  5:18  SCV  
  43  5:21  SCV  
  45  5:28  Barracks Tech Lab  
  45  5:29  Marine x2  
  45  5:30  Marine  
  48  5:35  Marine  
  48  5:36  Marine  
  48  5:39  Bunker  
  48  5:40  SCV  
  48  5:41  SCV  
  52  5:48  Marine  
  52  5:49  Factory  
  53  5:50  Marine  
  53  5:52  SCV  
  53  5:53  SCV  
  56  5:59  Orbital Command  
  56  6:04  SCV  
  56  6:05  Marine x4  
  56  6:07  Combat Shields  
  61  6:13  Supply Depot  
  61  6:17  SCV x2  
  63  6:28  SCV  
  63  6:29  SCV  
  63  6:30  SCV  
  65  6:36  Marine x2  
  67  6:43  Marine x3, Marauder  
  72  6:49  Starport, Factory Reactor  
  72  6:50  SCV  
  72  6:51  SCV  
  72  6:53  Marine, SCV  
  72  6:54  Marine  
  77  7:02  SCV  
  77  7:04  Marine  
  77  7:05  Marine  
  77  7:06  Marine, Marauder  
  69  7:22  Marine x3  
  66  7:26  SCV  
  66  7:27  SCV x2  
  66  7:28  Marauder  
  66  7:29  Refinery  
  71  7:31  Refinery  
  71  7:37  Starport  
  71  7:38  SCV  
  71  7:39  Medivac x2  
  71  7:40  Factory Tech Lab  
  71  7:43  Marine x5  
  81  7:46  Stimpack  
  81  7:47  SCV  
  81  7:48  SCV  
  81  7:50  SCV  
  84  7:58  Marauder  
  86  8:04  Supply Depot x2  
  86  8:06  Supply Depot  
  86  8:09  SCV  
  86  8:10  Supply Depot, SCV  
  88  8:18  Marine x3  
  88  8:19  Marauder  
  93  8:25  Marine x2, Medivac x2, Starport Tech Lab  
  99  8:32  Supply Depot  
  99  8:33  Supply Depot  
  99  8:36  Marine x3  
  99  8:40  Marauder  
  104  8:43  Marine x2  
  104  8:45  Orbital Command  
  104  8:46  Raven  
  108  8:50  SCV  
  108  8:51  SCV  
  108  8:54  Marine x3  
  113  9:02  Marauder, SCV  
  116  9:08  Refinery  
  102  9:21  Marine x5  
  102  9:23  Marauder  
  96  9:28  Siege Tank  
  98  9:38  Marine  
  98  9:39  Marine  
  98  9:45  Marauder  
  90  9:54  Marine x3  
  90  9:56  Marine x2  
  86  10:04  SCV x2  
  86  10:06  Marauder  
  89  10:07  SCV  
  89  10:11  Marine  
  89  10:12  Marine x2  
  93  10:14  Marine  
  93  10:16  SCV x2  
  93  10:19  Marine, SCV  
  98  10:21  Refinery  
  98  10:25  Medivac x2  
  98  10:27  Marauder, Banshee  
  98  10:28  Cloaking Field, SCV  
  107  10:29  Marine x3  
  107  10:34  Marine  
  112  10:37  Marine  
  105  10:45  Liberator x2  
  105  10:52  Marine x4, Marauder  
  105  10:55  Marine  
  118  11:05  Siege Tank  
  118  11:10  Supply Depot  
  118  11:11  Supply Depot, SCV x2  
  121  11:13  Marauder  
  121  11:16  SCV  
  126  11:18  Marine x2  
  126  11:19  Marine x3  
  126  11:23  SCV  
  126  11:24  SCV  
  132  11:29  SCV  
  132  11:35  Marauder, SCV  
  132  11:36  Marine x2, SCV  
  138  11:44  Marine x3  
  141  11:54  Marine x2  
  141  11:56  Marauder  
  145  12:03  Marine x3  
Show
View Real Time Build Order
Export as new Build Order

blackxored Zerg 

Build Orders: Hatch First 

Get SALT Encoding   

  12  0:02  Drone  
  13  0:09  Drone  
  14  0:17  Overlord  
  14  0:24  Extractor  
  14  0:25  Drone  
  15  0:37  Drone x2  
  17  0:52  Hatchery  
  17  0:56  Drone  
  17  0:59  Drone  
  18  1:11  Extractor  
  17  1:15  Spawning Pool  
  17  1:17  Drone  
  17  1:20  Drone  
  18  1:28  Drone  
  19  1:41  Overlord  
  19  1:51  Drone  
  20  2:02  Zergling x2  
  20  2:03  Queen  
  20  2:04  Queen  
  20  2:05  Zergling x2  
  26  2:10  Spine Crawler  
  26  2:12  Zergling x2  
  26  2:18  Baneling Nest  
  25  2:24  Roach Warren  
  25  2:25  Drone  
  25  2:28  Zergling x2  
  26  2:50  Overlord x2  
  25  3:10  Queen  
  25  3:12  Roach x4  
  35  3:22  Roach  
  35  3:23  Roach  
  39  3:36  Ravager x2  
  41  3:44  Extractor, Drone x4  
  37  4:20  Roach x3  
  43  4:32  Hatchery  
  42  4:52  Hatchery  
  43  5:00  Ravager x2  
  43  5:08  Drone  
  43  5:09  Drone x2  
  43  5:11  Hatchery  
  43  5:13  Drone  
  46  5:24  Overlord  
  46  5:29  Overlord  
  46  5:40  Overlord  
  46  5:44  Ravager x2  
  46  5:45  Ravager  
  49  5:58  Drone  
  49  6:00  Evolution Chamber  
  49  6:04  Roach x2  
  49  6:05  Roach  
  55  6:29  Drone  
  55  6:32  Baneling Nest  
  55  6:38  Zergling x4  
  55  6:39  Zergling x10  
  59  6:46  Ravager  
  59  6:47  Ravager  
  61  6:49  Ravager  
  62  6:54  Queen  
  62  7:00  Zergling x4  
  44  7:25  Zergling x14  
  51  7:43  Zergling x6  
  51  7:44  Zergling x6  
  57  7:53  Zerg Melee Weapons Level 1  
  57  7:56  Drone x2  
  59  8:01  Metabolic Boost  
  59  8:06  Baneling x2  
  59  8:08  Baneling  
  59  8:09  Baneling  
  59  8:11  Baneling  
  59  8:12  Baneling  
  59  8:14  Baneling  
  59  8:16  Baneling  
  59  8:17  Baneling  
  59  8:19  Baneling  
  59  8:21  Baneling  
  59  8:29  Drone x2  
  61  8:49  Lair  
  61  8:54  Drone  
  61  8:55  Drone  
  54  9:22  Zergling x22  
  51  9:31  Zergling x6  
  52  9:45  Zergling x4  
  51  9:46  Zergling x2  
  47  9:53  Zergling x2  
  40  10:11  Zergling x2  
  40  10:12  Zergling x4  
  44  10:21  Drone x3  
  44  10:47  Pneumatized Carapace  
  44  10:50  Zergling x8  
  44  10:52  Evolution Chamber  
  44  11:02  Drone x4  
  41  11:34  Zergling x2  
  41  11:35  Zergling x20  
  41  11:38  Baneling  
  41  11:39  Baneling x3  
  52  11:41  Baneling  
  52  11:42  Baneling  
  52  11:48  Drone x3  
  52  11:51  Drone  
  56  11:55  Drone x2  
  56  11:57  Drone  
  56  12:00  Baneling  
  56  12:01  Baneling x2  
  59  12:09  Drone  
Tags
 
Add a new tag
Caveats
  • Supply blocks, unpowered buildings, or Contaminate may cause inaccurate times.
  • Supply counts are checked every 10 seconds.